 Dungeon Crawl Stone Soup version 0.26.0-10-g1f06aea511 (webtiles) character file.

Game seed: 14678013739343874271

3160 Arum the Blocker (level 10, -3/83 HPs)
             Began as a Formicid Fighter on Jan 21, 2021.
             Was an Elder of Okawaru.
             Slain by a two-headed ogre
             ... wielding a +0 giant spiked club
              (14 damage)
             ... on level 8 of the Dungeon.
             The game lasted 00:09:11 (7532 turns).

Arum the Blocker (Formicid Fighter)                 Turns: 7532, Time: 00:09:13

Health: -3/83      AC: 18    Str: 24    XL:     10   Next: 15%
Magic:  11/11      EV: 10    Int:  8    God:    Okawaru [****..]
Gold:   332        SH: 11    Dex: 10    Spells: 9/9 levels left

rFire    . . .     SeeInvis +   z - +1 hand axe (flame)
rCold    . . .     Faith    .   c - +0 kite shield
rNeg     + . .     Spirit   .   m - +4 scale mail {Will+}
rPois    .         Reflect  .   (helmet unavailable)
rElec    .         Harm     .   s - +1 cloak
rCorr    .         Rampage  .   k - +2 pair of gloves
Will     +++..                  y - +0 pair of boots
Stlth    ..........             (no amulet)
HPRegen  0.23/turn              l - ring of positive energy
MPRegen  0.12/turn              r - ring of willpower

@: no status effects
A: permanent stasis, dig shafts and tunnels, four strong arms, antennae 3
a: Dig, Shaft Self, Renounce Religion, Heroism


You were on level 8 of the Dungeon.
You worshipped Okawaru.
Okawaru was greatly pleased with you.
You visited 1 branch of the dungeon, and saw 8 of its levels.

You collected 332 gold pieces.

Inventory:

Hand Weapons
 a - a +0 war axe
 z - a +1 hand axe of flaming (weapon)
 E - a +1 battleaxe
Armour
 c - a +0 kite shield (worn)
 k - a +2 pair of gloves (worn)
 m - a +4 scale mail of willpower (worn)
 s - a +1 cloak (worn)
 w - +0 swamp dragon scales
 y - a +0 pair of boots (worn)
Jewellery
 l - a ring of positive energy (left hand)
 r - a ring of willpower (right hand)
 B - an uncursed ring of flight
 F - an uncursed ring of protection from cold
Wands
 j - a wand of polymorph (13)
 q - a wand of iceblast (10)
Scrolls
 g - 4 scrolls of teleportation
 h - a scroll of immolation {unknown}
 t - 4 scrolls of remove curse
Potions
 b - a potion of berserk rage {unknown}
 d - 2 potions of might
 e - 3 potions of invisibility
 f - a potion of flight
 i - a potion of ambrosia
 n - 5 potions of curing
 o - a potion of cancellation
 p - 2 potions of resistance
 u - 3 potions of lignification
 v - a potion of degeneration {unknown}
 C - 2 potions of magic {unknown}


   Skills:
 + Level 9.0 Fighting
 + Level 7.7 Axes
 + Level 6.1 Armour
 - Level 9.0 Shields
 + Level 1.4 Invocations


You had 9 spell levels left.
You didn't know any spells.
Your spell library contained the following spells:

 Spells                   Type           Power        Failure   Level
 Magic Dart               Conj           0%           69%         1
 Call Imp                 Summ           0%           83%         2
 Slow                     Hex            0%           83%         2
 Conjure Flame            Conj/Fire      0%           96%         3
 Mephitic Cloud           Conj/Pois/Air  0%           96%         3
 Blink                    Tloc           Unusable     N/A         2

Dungeon Overview and Level Annotations

Branches:
Dungeon (8/15)             Temple (0/1) D:7
   Lair: D:8-11

Altars:
Cheibriados
Dithmenos
Elyvilon
Kikubaaqudgha
Makhleb
Okawaru
Qazlal
Sif Muna
Trog
Zin
The Shining One


Innate Abilities, Weirdness & Mutations

You cannot be hasted, slowed, berserked, paralysed or teleported.
You can dig through walls and to a lower floor.
Your four strong arms can wield two-handed weapons with a shield.
You have a pair of large antennae on your head. (SInv)


Message History

Evoke which item? (* to show all) (? for menu, Esc to quit)
Aiming: Polymorph
Press: ? - help, Shift-Dir - straight line, f - two-headed ogre
Aim: a two-headed ogre, wielding a +0 giant spiked club and a +0 giant club (lightly wounded, will become a sea snake, a guardian serpent, or a shock serpent, chance to affect: 28%)
The two-headed ogre easily resists.
Evoke which item? (* to show all) (? for menu, Esc to quit)
Aiming: Polymorph
Press: ? - help, Shift-Dir - straight line, f/p - two-headed ogre
Aim: a two-headed ogre, wielding a +0 giant spiked club and a +0 giant club (lightly wounded, will become a sea snake, a guardian serpent, or a shock serpent, chance to affect: 28%)
The two-headed ogre easily resists.
The two-headed ogre hits you with a +0 giant spiked club!
* * * LOW HITPOINT WARNING * * *
You block the two-headed ogre's attack.
The phantom blinks!
Evoke which item? (* to show all) (? for menu, Esc to quit)
Aiming: Polymorph
Press: ? - help, Shift-Dir - straight line, f/p - two-headed ogre
Aim: a two-headed ogre, wielding a +0 giant spiked club and a +0 giant club (lightly wounded, will become a sea snake, a guardian serpent, or a shock serpent, chance to affect: 28%)
The two-headed ogre easily resists.
You block the two-headed ogre's attack.
The two-headed ogre hits you with a +0 giant club!
You die...

+#######.......#.##.#.#
#.###.###.##<#.#
#.#...#...####.##
..#.#...........#
#.#.#...#.....# #
#.###.#Y###.# #.# #.#{#
.# #.###/#)# #.#..@O5#
#.#.###.# #.# #.# #.#
#{# #.# #.# .#


You could see a two-headed ogre and a white imp.

Vanquished Creatures
  Maggie (D:7)
  Prince Ribbit (D:7)
  A hornet (D:7)
  A water moccasin (D:8)
  Duvessa (D:6)
  2 sky beasts
  A phantom (D:6)
  A necrophage (D:7)
  An orc warrior (D:8)
  An ice beast (D:7)
  3 ogres
  2 centaurs (D:5)
  Blork the orc (D:4)
  2 bullfrogs (D:7)
  Dowan (D:6)
  3 scorpions
  5 wights (D:6)
  A centaur zombie (D:6)
  Crazy Yiuf (D:4)
  4 orc wizards
  A centaur skeleton (D:4)
  2 iguanas (D:7)
  Terence (D:2)
  4 worker ants
  A hound zombie (D:6)
  A hound skeleton (D:5)
  A worker ant zombie (D:6)
  5 gnolls
  7 adders
  2 white imps
  2 ufetubi
  An ooze (D:6)
  An adder skeleton (D:4)
  5 worms
  6 dart slugs
  3 leopard geckos (D:1)
  21 orcs
  3 ball pythons
  7 giant cockroaches
  8 goblins
  8 hobgoblins
  12 jackals
  5 quokkas
  10 bats
  7 frilled lizards
  10 kobolds
  A leopard gecko skeleton (D:6)
  A leopard gecko zombie (D:5)
  9 rats
179 creatures vanquished.

Notes
Turn   | Place    | Note
-------+----------+-------------------------------------------
     0 | D:1      | Arum the Formicid Fighter began the quest for the Orb.
     0 | D:1      | Reached XP level 1. HP: 18/18 MP: 1/1
   106 | D:1      | Reached XP level 2. HP: 24/24 MP: 2/2
   176 | D:1      | Reached XP level 3. HP: 29/29 MP: 3/3
   967 | D:2      | Reached XP level 4. HP: 37/37 MP: 4/4
  1003 | D:2      | Noticed Terence
  1013 | D:2      | Killed Terence
  1204 | D:2      | Found a glowing silver altar of Zin.
  1640 | D:2      | Reached XP level 5. HP: 35/42 MP: 5/5
  2118 | D:3      | Found an iron altar of Okawaru.
  2118 | D:3      | Found a bloodstained altar of Trog.
  2125 | D:3      | Became a worshipper of Warmaster Okawaru
  2201 | D:3      | Found a snail-covered altar of Cheibriados.
  2314 | D:3      | Found a shimmering blue altar of Sif Muna.
  2565 | D:3      | Reached XP level 6. HP: 46/49 MP: 6/6
  2891 | D:4      | Found a stormy altar of Qazlal.
  2899 | D:4      | Noticed an ogre
  2920 | D:4      | Killed an ogre
  2921 | D:4      | Reached skill level 5 in Shields
  3214 | D:4      | Reached * piety under Okawaru
  3395 | D:4      | Found an ancient bone altar of Kikubaaqudgha.
  3440 | D:4      | Reached skill level 5 in Fighting
  3440 | D:4      | Reached XP level 7. HP: 53/56 MP: 7/7
  3547 | D:4      | Reached skill level 5 in Armour
  3693 | D:4      | Found a white marble altar of Elyvilon.
  3814 | D:4      | Found a glowing golden altar of the Shining One.
  3971 | D:4      | Noticed Blork the orc
  3994 | D:4      | Killed Blork the orc
  3995 | D:4      | Reached XP level 8. HP: 19/64 MP: 8/8
  4356 | D:4      | Found a runed translucent door.
  4357 | D:4      | Noticed Crazy Yiuf
  4364 | D:4      | Killed Crazy Yiuf
  4459 | D:5      | Entered Level 5 of the Dungeon
  4773 | D:5      | Reached ** piety under Okawaru
  4774 | D:5      | Reached skill level 5 in Axes
  5114 | D:5      | Found a shadowy altar of Dithmenos.
  5609 | D:6      | Noticed Duvessa
  5610 | D:6      | Noticed Dowan
  5619 | D:6      | Killed Duvessa
  5629 | D:6      | Killed Dowan
  5630 | D:6      | Reached XP level 9. HP: 58/72 MP: 9/9
  5651 | D:6      | Reached *** piety under Okawaru
  6282 | D:7      | Noticed Prince Ribbit
  6292 | D:7      | Killed Prince Ribbit
  6355 | D:7      | Found a staircase to the Ecumenical Temple.
  6456 | D:7      | Found a burning altar of Makhleb.
  6809 | D:7      | Noticed a hornet
  6829 | D:7      | Killed a hornet
  6829 | D:7      | Reached **** piety under Okawaru
  7238 | D:7      | Noticed Maggie
  7298 | D:7      | Killed Maggie
  7299 | D:7      | Reached XP level 10. HP: 64/82 MP: 10/10
  7508 | D:8      | Reached skill level 1 in Invocations
  7517 | D:8      | Noticed a two-headed ogre
  7532 | D:8      | Slain by a two-headed ogre

Illustrated notes

Levels and vault maps discovered:
D:1:      dpeg_arrival_tiny_j, layout_basic, moated_statue, minmay_bisected
D:2:      layout_loops_ring, old_standard_altar, kennysheep_pointless_box,
          minmay_cut_off, uniq_terence
D:3:      layout_basic, gammafunk_temple_overflow_pools, led_sif_book,
          kennysheep_slug_shrine
D:4:      layout_basic, kennysheep_mini, kennysheep_mini_moat,
          lemuel_doored_altar, hangedman_decor_diamond_cutter, tso_metal_star,
          uniq_blork_the_orc, uniq_crazy_yiuf_cottage
D:5:      layout_gridville, nicolae_overflow_hidden_temple, minmay_manual_mares
D:6:      layout_loops_ring, uniq_duvessa
D:7:      layout_loops_ring, minmay_temple_entry_stoned_glass, basic_altar,
          uniq_maggie, uniq_prince_ribbit1
D:8:      layout_basic, nicolae_ru_awakened_eye, trog_three_pillars_becter

Skill      XL: |  1  2  3  4  5  6  7  8  9 10 |
---------------+-------------------------------+-----
Shields        | 4 5 6 7 9 |  9.0
Fighting       | 4 5 7 8 9 |  9.0
Armour         | 4 5 6 |  6.1
Axes           | 3 4 5 7 |  7.7
Invocations    | 1 |  1.4

Action                   |  1- 3 |  4- 6 |  7- 9 | 10-12 || total
-------------------------+-------+-------+-------+-------++-------
Melee: War axe           |   104 |    53 |       |       ||   157
       Hand axe          |       |   164 |   373 |    49 ||   586
 Abil: Dig               |       |     4 |     3 |     1 ||     8
Evoke: Wand              |       |       |       |     3 ||     3
  Use: Scroll            |       |     3 |    13 |       ||    16
Armor: Plate armour      |   101 |    15 |       |       ||   116
       Scale mail        |       |   103 |   118 |     6 ||   227
Dodge: Dodged            |    20 |    69 |   109 |    17 ||   215
Block: Kite shield       |    84 |   114 |   208 |    32 ||   438
